Map: Paladino Terminal LE

Players

Massive

  • Race: Protoss Protoss
  • Spawn Location: 9:00

Fropez - Winner!

  • Race: Protoss Protoss
  • League: Gold
  • Spawn Location: 5:00

VOD

Have the link to the VOD?

Description

Time

  • Played on: Jan. 24, 2017, 5:39 p.m.
  • Length: 7:07
Show
View Real Time Build Order
Export as new Build Order

Massive Protoss 

Build Orders:  

Get SALT Encoding   

  12  0:04  Probe (Chrono Boost)  
  13  0:15  Probe (Chrono Boost)  
  13  0:20  Pylon  
  14  0:26  Probe (Chrono Boost)  
  15  0:38  Probe (Chrono Boost)  
  15  0:41  Gateway  
  16  0:48  Probe (Chrono Boost)  
  17  0:59  Probe (Chrono Boost)  
  17  1:04  Assimilator  
  18  1:05  Assimilator  
  18  1:09  Probe (Chrono Boost)  
  19  1:16  Gateway  
  19  1:32  Probe (Chrono Boost)  
  20  1:34  Cybernetics Core  
  20  1:42  Probe (Chrono Boost)  
  20  1:43  Pylon  
  21  1:53  Probe (Chrono Boost)  
  22  2:03  Probe (Chrono Boost)  
  22  2:07  Warp Gate  
  23  2:10  Stalker x2  
  27  2:23  Pylon  
  29  2:39  Mothership Core (Chrono Boost)  
  29  2:46  Stalker x2  
  33  2:56  Gateway  
  33  3:24  Probe (Chrono Boost), Robotics Facility  
  33  3:40  Forge  
  32  4:24  Protoss Ground Weapons Level 1  
  32  4:25  Immortal  
  36  4:33  Gateway  
  32  5:10  Immortal  
  32  5:17  Photon Cannon  
  32  5:19  Probe (Chrono Boost)  
  32  5:21  Photon Cannon  
  31  5:30  Probe (Chrono Boost)  
  31  5:31  Stalker x2  
  31  5:32  Stalker  
  38  5:40  Probe (Chrono Boost)  
  36  5:57  Observer  
  36  5:59  Probe (Chrono Boost)  
  38  6:09  Pylon  
  38  6:11  Probe (Chrono Boost)  
  39  6:12  Pylon  
  39  6:16  Pylon  
  39  6:23  Warp Prism  
  41  6:35  Zealot  
  41  6:36  Zealot  
  41  6:37  Zealot  
  45  7:00  Stalker x2  
Show
View Real Time Build Order
Export as new Build Order

Fropez Protoss - Winner!

Build Orders:  

Get SALT Encoding   

  12  0:01  Probe (Chrono Boost)  
  13  0:11  Probe (Chrono Boost)  
  14  0:24  Pylon  
  14  0:26  Pylon  
  14  0:34  Probe (Chrono Boost)  
  15  0:37  Assimilator  
  15  0:45  Probe (Chrono Boost)  
  16  0:55  Probe (Chrono Boost)  
  17  1:05  Gateway  
  17  1:06  Probe (Chrono Boost)  
  18  1:24  Probe (Chrono Boost)  
  19  1:28  Assimilator  
  19  1:35  Probe (Chrono Boost)  
  20  1:47  Probe (Chrono Boost)  
  21  1:53  Nexus  
  21  1:58  Cybernetics Core  
  22  2:01  Probe (Chrono Boost)  
  22  2:12  Probe (Chrono Boost)  
  23  2:23  Gateway, Warp Gate  
  23  2:24  Pylon  
  23  2:42  Adept  
  27  2:47  Mothership Core (Chrono Boost)  
  26  2:56  Robotics Facility  
  26  2:59  Assimilator  
  27  3:07  Probe (Chrono Boost)  
  27  3:09  Adept  
  29  3:14  Adept  
  31  3:24  Probe (Chrono Boost)  
  31  3:25  Probe (Chrono Boost)  
  33  3:36  Probe (Chrono Boost)  
  33  3:38  Probe (Chrono Boost)  
  35  3:47  Probe (Chrono Boost)  
  36  3:51  Warp Prism  
  36  4:03  Gateway  
  36  4:05  Probe (Chrono Boost)  
  36  4:07  Pylon, Probe (Chrono Boost)  
  36  4:16  Pylon  
  36  4:31  Immortal  
  36  4:35  Stalker x2  
  40  4:59  Pylon  
  38  5:02  Stalker x2  
  38  5:03  Zealot  
  42  5:12  Immortal  
  41  5:15  Probe x2 (Chrono Boost)  
  45  5:26  Adept x3  
  49  5:45  Probe x2 (Chrono Boost)  
  49  5:48  Immortal  
  47  5:56  Stalker x2  
  57  5:59  Mothership Core (Chrono Boost)  
  57  6:00  Adept  
  60  6:05  Probe (Chrono Boost)  
  60  6:17  Probe (Chrono Boost)  
  62  6:18  Probe (Chrono Boost)  
  62  6:20  Pylon x2  
  62  6:39  Probe (Chrono Boost)  
  67  6:40  Stalker x2  
  67  6:42  Stalker  
Tags
 
League
Gold
Matchup
PvP
Replay Pack
All Mines
Spawn Locations
Cross Positions
Add a new tag
Caveats
  • Supply blocks, unpowered buildings, or Contaminate may cause inaccurate times.
  • Supply counts are checked every 10 seconds.